Selects Luftwaffe Battlegroup
Selects Luftwaffe Pioneer Support
Fallschirmpioneer Squad Paradrop
Construct Infanterie Kompanie
Construct Luftwaffe Kompanie
Flak 30 Anti-aircraft Gun Team
Selects Reconnaissance Run
Selects Fallschirmjäger Squad Paradrop
Fallschirmjäger Squad Paradrop
Luftwaffe Officer Quarters
Selects Fragmentation Bombs
Marder III M Tank Destroyer
Marder III M Tank Destroyer
Selects Flak 38 Anti-Air Emplacement
Marder III M Tank Destroyer
Selects Infantry Reserves
Fallschirmjäger Squad Paradrop
Marder III M Tank Destroyer
Marder III M Tank Destroyer
Marder III M Tank Destroyer